 Dungeon Crawl Stone Soup version 0.30.1-11-g7821555f0a (webtiles) character file.

Game seed: 6624265888293882940

3 KyoPewz the Vexing (level 1, -4/10 HPs)
             Began as a Vampire Enchanter on Jan 6, 2024.
             Slain by a kobold
             ... wielding a +0 whip
              (5 damage)
             ... on level 1 of the Dungeon.
             The game lasted 00:00:32 (105 turns).

KyoPewz the Vexing (Vampire Enchanter)               Turns: 105, Time: 00:00:33

Health: -4/10      AC:  2    Str:  7    XL:     1   Next: 41%
Magic:  3/3        EV: 12    Int: 17    God:
Gold:   4          SH:  0    Dex: 14    Spells: 4/4 levels left

rFire   . . .        a - +1 dagger
rCold   + + .        (no shield)
rNeg    + + +        b - +0 robe
rPois   ∞            (no helmet)
rElec   .            (no cloak)
rCorr   .            (no gloves)
SInv    +            (no boots)
Will    .....        (no amulet)
Stlth   +++++        (no ring)
HPRegen 0.00/turn    (no ring)
MPRegen 0.08/turn

%: no passive effects
@: bloodless, inhibited regen
A: bloodless, fangs 3, see invisible, vampiric 1
a: Revivify


You were on level 1 of the Dungeon.
You visited 1 branch of the dungeon, and saw 1 of its levels.

You collected 4 gold pieces.

Inventory:

Hand Weapons
 a - a +1 dagger (weapon)
Armour
 b - a +0 robe (worn)
Jewellery
 d - a +6 ring of dexterity
 P - a ring of poison resistance
Potions
 c - 2 potions of invisibility


   Skills:
 + Level 1.7 Short Blades
 - Level 2.1 Dodging
 - Level 4.4 Stealth
 - Level 2.0 Spellcasting
 - Level 4.4 Hexes


You had 4 spell levels left.
You didn't know any spells.
Your spell library contained the following spells:

 Spells                   Type           Power      Damage    Failure   Level
 Confusing Touch          Hex            16%        N/A       10%         3
 Tukima's Dance           Hex            16%        N/A       10%         3
 Ensorcelled Hibernation  Hex/Ice        18%        N/A       12%         2
 Dazzling Flash           Conj/Hex       18%        N/A       24%         3


Dungeon Overview and Level Annotations

Branches:
Dungeon (1/15)

Altars:


Innate Abilities, Weirdness & Mutations

You do not regenerate when monsters are visible.
You are frail without blood (-20% HP).
You can heal yourself when you bite living creatures.
You are immune to poison.
You have razor-sharp teeth.
You have supernaturally acute eyesight. (SInv)
You are afflicted with vampirism.


Message History

You see here a hobgoblin corpse.
You see here a +3 whip.
You pick your way through the web.
d - a +6 ring of dexterity
There is a web here.
You now have 4 gold pieces.
A kobold comes into view. It is wielding a +0 whip.
The kobold shouts!
You hear a bark!
An endoplasm comes into view.
A bat comes into view.
The kobold hits you but does no damage.
You closely miss the kobold. The kobold barely misses you.
You closely miss the kobold. The kobold closely misses you.
The kobold attacks as you move away! The kobold hits you with a +0 whip.
You take 1 damage, and have 9/10 hp.
The bat attacks as you move away! The bat closely misses you. The bat hits you.
You take 1 damage, and have 8/10 hp.
The kobold attacks as you move away! The kobold hits you with a +0 whip.
Ouch! That really hurt!
* * * LOW HITPOINT WARNING * * *
The bat misses you.
You take 5 damage, and have 3/10 hp.
MASSIVE DAMAGE!!
The bat attacks as you move away! The bat hits you but does no damage.
The bat hits you.
* * * LOW HITPOINT WARNING * * *
You take 1 damage, and have 2/10 hp.
The bat misses you.
You closely miss the bat. The bat hits you.
* * * LOW HITPOINT WARNING * * *
You take 1 damage, and have 1/10 hp.
You closely miss the bat. The bat barely misses you.
You closely miss the bat. The bat closely misses you.
You hit the bat.
The bat is moderately wounded.
The bat hits you but does no damage.
You hit the bat.
You kill the bat!
You closely miss the kobold. The kobold barely misses you.
You hit the kobold but do no damage. The kobold hits you with a +0 whip.
Ouch! That really hurt!
You die...

##........##
#..........##
#...........#
#............
#..........#
#..........# ##
### ##.J......##
#^
#.######......##
#.
#....@KJ.........
#.
##...############
#. ###......# #.
#......# #.
##.....####### #.
#...........# ##
#.....#####.######
#.....# #.......
#.....# ########


You could see an endoplasm and a kobold.

Vanquished Creatures
  A bat (D:1)
  A hobgoblin (D:1)
  A rat (D:1)
3 creatures vanquished.

Notes
Turn   | Place    | Note
-------+----------+-------------------------------------------
     0 | D:1      | KyoPewz the Vampire Enchanter began the quest for the Orb.
     0 | D:1      | Reached XP level 1. HP: 13/13 MP: 3/3
   105 | D:1      | Slain by a kobold

Illustrated notes

Levels and vault maps discovered:
D:1:      onia_arrival_handbag, layout_rooms, corner_web_ring

Action                     || total
---------------------------++-------
  Melee: Dagger            ||    12
         Bite              ||     1
Ability: Exsanguinate      ||     1
 Armour: Robe              ||     3
  Dodge: Dodged            ||    10
